 Dungeon Crawl Stone Soup version 0.28-a0-312-gbced6e68ee (webtiles) character file.

Game seed: 11523071345400448977

285 bande the Covered (level 6, 0/38 HPs)
             Began as a Gargoyle Fighter on Aug 31, 2021.
             Slain by a gnoll shaman (4 damage)
             ... on level 4 of the Dungeon.
             The game lasted 00:07:21 (2884 turns).

bande the Covered (Gargoyle Fighter)                Turns: 2884, Time: 00:07:22

Health: 0/38       AC: 14    Str: 20    XL:     6   Next: 29%
Magic:  6/6        EV:  5    Int:  9    God:
Gold:   189        SH:  8    Dex: 10    Spells: 5/5 levels left

rFire   . . .      SeeInvis .   a - +1 war axe
rCold   . . .      Faith    .   c - +0 kite shield
rNeg    + . .      Spirit   .   m - +0 chain mail
rPois   ∞          Reflect  .   (no helmet)
rElec   +          Harm     .   (no cloak)
rCorr   .          Rampage  .   (no gloves)
Will    .....                   (no boots)
Stlth   ..........              g - amulet of regeneration
HPRegen 1.12/turn               (no ring)
MPRegen 0.10/turn               (no ring)

@: no status effects
A: sickness immunity, AC +4, negative energy resistance 1, electricity
resistance, torment resistance 1, petrification resistance
a: no special abilities


You were on level 4 of the Dungeon.
You visited 1 branch of the dungeon, and saw 4 of its levels.

You collected 189 gold pieces.

Inventory:

Hand Weapons
 a - a +1 war axe (weapon)
 l - a +0 war axe
Armour
 c - a +0 kite shield (worn)
 m - a +0 chain mail (worn)
Jewellery
 g - an amulet of regeneration (around neck)
 h - an amulet of the acrobat
Scrolls
 e - a scroll of identify
 j - a scroll of teleportation
 o - a scroll of fog {unknown}
 p - a scroll of amnesia {unknown}
Potions
 b - a potion of lignification
 d - 2 potions of might
 f - a potion of cancellation
 i - 2 potions of curing {unknown}
 k - a potion of brilliance
 n - a potion of ambrosia {unknown}


   Skills:
 + Level 4.3 Fighting
 + Level 4.2 Axes
 + Level 4.4 Armour
 + Level 4.2 Shields


You had 5 spell levels left.
You didn't know any spells.
Your spell library contained the following spells:

 Spells                   Type           Power      Damage    Failure   Level
 Sandblast                Erth           0%         2d4       100%        1
 Passwall                 Tmut/Erth      0%         N/A       100%        2
 Tukima's Dance           Hex            0%         N/A       100%        3
 Passage of Golubria      Tloc           N/A        N/A       100%        4
 Lee's Rapid Deconstruct  Erth           0%         3d5*      100%        5
 Yara's Violent Unravell  Hex/Tmut       0%         3d3       100%        5


Dungeon Overview and Level Annotations

Branches:
Dungeon (4/15)
 Temple: D:4-7

Altars:

Shops:
D:3 [

Annotations:
D:3 1 runed translucent door, gressup's ghost, amateur HuSu


Innate Abilities, Weirdness & Mutations

You are immune to sickness and miasma.
Your stone body is resilient. (AC +4)
You are immune to poison.
You resist negative energy. (rN+)
You are resistant to electric shocks. (rElec)
You are resistant to unholy torment.
You are immune to petrification.


Message History

Unknown command.
The gnoll barely misses you.
The gnoll shaman hits you with a +0 whip.
* * * LOW HITPOINT WARNING * * *
Things that are here:
a +0 flail; a gnoll corpse Your shield and chain mail prevent you from hitting the gnoll shaman.
The gnoll shaman is moderately wounded.
You slash the gnoll!
You kill the gnoll!
You block the gnoll shaman's attack.
Unknown command.
You closely miss the gnoll shaman.
The gnoll shaman is moderately wounded.
The gnoll shaman hits you with a +0 whip.
* * * LOW HITPOINT WARNING * * *
The gnoll shaman barely misses you.
Unknown command.
Your chain mail prevents you from hitting the gnoll shaman.
The gnoll shaman is moderately wounded.
The gnoll shaman calls down the wrath of its god upon you.
You resist with some effort.
You closely miss the gnoll shaman.
The gnoll shaman is moderately wounded.
The gnoll shaman hits you with a +0 whip.
* * * LOW HITPOINT WARNING * * *
The gnoll shaman hits you but does no damage.
You hit the gnoll shaman.
The gnoll shaman is heavily wounded.
The gnoll shaman hits you but does no damage.
You hit the gnoll shaman.
The gnoll shaman is severely wounded.
The gnoll shaman hits you with a +0 whip.
* * * LOW HITPOINT WARNING * * *
The gnoll shaman hits you with a +0 whip.
* * * LOW HITPOINT WARNING * * *
Your shield and chain mail prevent you from hitting the gnoll shaman.
The gnoll shaman is severely wounded.
The gnoll shaman hits you with a +0 whip.
You die...

#...... .### .
#......... ....
..#......... .....
.#......... .....
........... .#.# ......
#........ ....#..
......##....... ......
......)@g..#####+##.....
......))................
.......)................
........................
........###.####........
#######.. #.# #.........
#.. #.# #.###...†. #..
#.# #.# #...†. #...###
#.# ###...


You could see a gnoll shaman.

Vanquished Creatures
  A bullfrog zombie (D:3)
  2 hounds (D:4)
  8 gnolls
  4 adders
  2 worms
  2 dart slugs (D:1)
  3 orcs (D:2)
  2 ball pythons
  2 endoplasms
  3 giant cockroaches
  9 goblins
  4 hobgoblins
  4 jackals
  3 quokkas (D:2)
  5 bats
  6 frilled lizards
  6 kobolds
  4 rats
70 creatures vanquished.

Vanquished Creatures (others)
  19 fungi (D:4)
19 creatures vanquished.

Grand Total: 89 creatures vanquished

Notes
Turn   | Place    | Note
-------+----------+-------------------------------------------
     0 | D:1      | bande the Gargoyle Fighter began the quest for the Orb.
     0 | D:1      | Reached XP level 1. HP: 14/14 MP: 1/1
    37 | D:1      | Reached XP level 2. HP: 11/19 MP: 2/2
   382 | D:1      | Reached XP level 3. HP: 20/23 MP: 3/3
  1387 | D:2      | Found a faded altar of an unknown god.
  1604 | D:2      | Reached XP level 4. HP: 27/29 MP: 4/4
  2019 | D:3      | Noticed gressup's ghost (amateur HuSu)
  2030 | D:3      | Found a runed translucent door.
  2184 | D:3      | Found Quapoboe's Antique Armour Boutique.
  2310 | D:3      | Reached XP level 5. HP: 31/33 MP: 5/5
  2837 | D:4      | Reached XP level 6. HP: 35/38 MP: 6/6
  2884 | D:4      | Slain by a gnoll shaman

Illustrated notes

Levels and vault maps discovered:
D:1:      amcnicky_arrival_single_pillar, layout_rooms, minmay_misc_feat_iff
D:2:      minmay_alternating_diamond, layout_basic,
          hellmonk_ecumenical_altar_pennies_from_heaven
D:3:      layout_rooms, serial_shops, nicolae_shop_waterfront,
          hellmonk_ghost_happy_afterlife, chequers_serial_rivers_room_b,
          st_stairs_12, guppyfry_early_lair_pool
D:4:      layout_basic, mainiacjoe_overflow_six_doors_small, serial_aquarium,
          aquarium_bridge_straight [aquarium_subvault_bridge,
          aquarium_subvault_wall, aquarium_subvault_bridge,
          aquarium_subvault_wall], aquarium_bridge_straight
          [aquarium_subvault_bridge, aquarium_subvault_wall,
          aquarium_subvault_bridge, aquarium_subvault_balcony],
          aquarium_window_1, aquarium_window_corridor_1, aquarium_window_1,
          aquarium_view_2d, aquarium_view_2b, aquarium_balcony_3b, uniq_robin,
          uniq_pikel

Skill      XL: |  1  2  3  4  5  6 |
---------------+-------------------+-----
Axes           | 2 3 4 |  4.2
Fighting       | 4 |  4.3
Armour         | 4 |  4.4
Shields        | 4 |  4.2

Action                   |  1- 3 |  4- 6 || total
-------------------------+-------+-------++-------
Melee: War axe           |   117 |   137 ||   254
  Use: Scroll            |       |     8 ||     8
Armor: Scale mail        |    52 |       ||    52
       Chain mail        |    27 |   137 ||   164
Dodge: Dodged            |    52 |    41 ||    93
Block: Kite shield       |    68 |    71 ||   139

Table legend: (Time is in decaauts)
 A = Elapsed time spent in this place.
 B = Non-inter-level travel time spent in this place.
 C = Inter-level travel time spent in this place.
 D = Time resting spent in this place.
 E = Time spent auto-exploring this place.
 F = Levels seen in this place.
 G = Mean time per level.
                   A        B        C        D        E       F      G
               +--------+--------+--------+--------+--------+-----+--------+
         Total |   3041 |   2993 |     48 |    214 |   2034 |   4 |  760.2 |
       Dungeon |   3041 |   2993 |     48 |    214 |   2034 |   4 |  760.2 |
               +--------+--------+--------+--------+--------+-----+--------+

Top non-repeatable levels by time:
     D:2: 1310 daAuts
     D:3: 800 daAuts
     D:1: 709 daAuts
     D:4: 221 daAuts
